 Dungeon Crawl Stone Soup version 0.18.1-50-g88ac8fd (webtiles) character file.

30 HeyBub the Charmwright (level 3, 0/24 HPs)
             Began as a High Elf Skald on Sept 26, 2016.
             Succumbed to an adder's poison
             ... on level 2 of the Dungeon.
             The game lasted 00:04:05 (958 turns).

HeyBub the Charmwright (High Elf Skald)              Turns: 958, Time: 00:04:05

Health: 0/24       AC:  3    Str: 11    XL:     3   Next: 3%
Magic:  6/8        EV: 12    Int: 16    God:
Gold:   36         SH:  2    Dex: 15    Spells: 1 memorised, 6 levels left

rFire  + . .     SeeInvis .     a - +0 short sword
rCold  x . .     Gourm    .     b - +0 leather armour
rNeg   . . .     Faith    .     (no shield)
rPois  .         Spirit   .     (no helmet)
rElec  .         Dismiss  .     (no cloak)
rCorr  .         Reflect  +     (no gloves)
SustAt .         Harm     .     (no boots)
MR     .....     Rnd*Tele +     m - +2 amulet of reflection
Stlth  +.........               j - ring of teleportation (curse)
                                g - ring of fire

@: lethally poisoned (0 -> -3), not resistant to hostile enchantments, very
unstealthy
A: no striking features
a: no special abilities


You were on level 2 of the Dungeon.
You were not hungry.

You visited 1 branch of the dungeon, and saw 2 of its levels.

You collected 36 gold pieces.

Inventory:

Hand Weapons
 a - a +0 short sword (weapon)
Armour
 b - a +0 leather armour (worn)
Jewellery
 g - a ring of fire (left hand)
 j - a cursed ring of teleportation (right hand)
 m - a +2 amulet of reflection (around neck)
Scrolls
 e - a scroll of magic mapping {unknown}
 f - a scroll of blinking {unknown}
 i - 3 scrolls of identify {unknown}
 k - a scroll of teleportation {unknown}
 n - a scroll of remove curse {unknown}
Potions
 h - a potion of mutation {unknown}
 l - 2 potions of curing {unknown}
Books
 c - a book of Battle

   Spells                             Type                      Level
   a - Infusion                       Charms                       1
   b - Shroud of Golubria             Charms/Translocation         2
   c - Song of Slaying                Charms                       2
   d - Spectral Weapon                Hexes/Charms                 3
   e - Regeneration                   Charms/Necromancy            3
Comestibles
 d - a bread ration


   Skills:
 + Level 2.2 Fighting
 + Level 2.8 Short Blades
 + Level 0.8 Armour
 + Level 1.7 Dodging
 + Level 0.5 Stealth
 + Level 2.9 Spellcasting
 + Level 3.9 Charms


You had 6 spell levels left.
You knew the following spells:

 Your Spells              Type           Power        Failure   Level  Hunger
a - Infusion              Chrm           ##..         6%          1    #......


Dungeon Overview and Level Annotations

Branches:
Dungeon (2/15)

Altars:

Annotations:
D:2 Ijyb


Message History

The throwing net barely misses the adder.
The throwing net closely misses the rat.
The adder closely misses you.
Throwing (i - inventory):
o - a throwing net (quivered)
Press: ? - help, Shift-Dir - straight line, f/p - adder
Aim: an adder (severely wounded)
You throw a throwing net. The throwing net hits the adder.
The adder is caught in the net!
The adder is severely wounded.
The adder struggles against the net.
The adder struggles to escape the net.
* * * LOW HITPOINT WARNING * * *
You feel sick.
The adder struggles to escape the net.
The adder struggles against the net.
The adder struggles to escape the net.
You are no longer magically infusing your attacks.
* * * LOW HITPOINT WARNING * * *
You feel sick.
Found a scroll labeled SIPOGY MAAFASA.
You see here a scroll labeled SIPOGY MAAFASA.
You die...

#<# #### #.# .....###.#
#........#######
..#####......... #.########
#.# ######### #.# #.#
#.....>.. #.# ##.########@#
..# #..........?#
#.####..#######..#####
#....................#
#.####.......##..###.#
#.####..#.#......# #.#
#.#........>.)..## #.#
....##..#.#.##.. ###S# #
##..##......#...##.#r#.##.#


There were no monsters in sight!

Vanquished Creatures
  A dart slug (D:1)
  2 giant geckos
  A ball python (D:1)
  A giant cockroach (D:1)
  6 goblins (D:1)
  A hobgoblin (D:2)
  6 bats (D:1)
  4 giant newts (D:1)
  A kobold (D:1)
  4 rats
27 creatures vanquished.

Notes
Turn   | Place    | Note
--------------------------------------------------------------
     0 | D:1      | HeyBub the High Elf Skald began the quest for the Orb.
     0 | D:1      | Reached XP level 1. HP: 14/14 MP: 4/4
   117 | D:1      | Reached XP level 2. HP: 7/19 MP: 2/6
   929 | D:2      | Reached XP level 3. HP: 24/24 MP: 8/8
   930 | D:2      | Noticed Ijyb
   954 | D:2      | HP: 1/24 [poisoned by an adder]
   958 | D:2      | Succumbed to an adder's poison

Action                   || total
-------------------------++-------
Melee: Short sword       ||    75
Throw: Throwing net      ||     2
 Cast: Infusion          ||    10
 Stab: Sleeping          ||     1
Armor: Leather armour    ||    21
Dodge: Dodged            ||    48
